 Dungeon Sprint DCSS version 0.26-a0-1184-g95e395e029 (webtiles) character file.

Game seed: 6442804776486994728

646 rocky1 the Blocker (level 7, 0/60 (63) HPs)
             Began as a Gnoll Fighter on Dec 28, 2020.
             Was an Elder of Sif Muna.
             Slain by an ufetubus (2 damage)
             ... summoned by a ynoxinul
             ... summoned by a kobold demonologist
             ... in the Dungeon (Sprint VII: "The Pits").
             The game lasted 00:03:54 (1131 turns).

rocky1 the Blocker (Gnoll Fighter)                  Turns: 1131, Time: 00:03:55

HP:   0/60 (63)     AC:  0    Str: 18    XL:     7   Next: 52%
MP:   15/15         EV: 11    Int: 13    God:    Sif Muna [****..]
Gold: 0             SH: 11    Dex: 14    Spells: 17/17 levels left

rFire    . . .     SeeInvis .   q - +0 flail (protect)
rCold    . . .     Faith    .   c - +0 kite shield
rNeg     . . .     Spirit   .   p - +3 scale mail
rPois    .         Reflect  .   (no helmet)
rElec    .         Harm     .   (no cloak)
rCorr    .         Rampage  .   (no gloves)
Will     .....     NoTele   +   (no boots)
Stlth    ++........             (no amulet)
HPRegen  0.20/turn              (no ring)
MPRegen  0.14/turn              (no ring)

@: corroded, lightly drained
A: distributed training, fangs 1, strong nose
a: Renounce Religion, Channel Magic, Forget Spell, Divine Exegesis


You were in the Dungeon.
You worshipped Sif Muna.
Sif Muna was greatly pleased with you.
You visited 1 branch

Inventory:

Hand Weapons
 a - a +0 long sword
 b - a +1 long sword of flaming
 q - a +0 flail of protection (weapon)
 r - a +2 hand axe of freezing
Missiles
 o - 10 stones (quivered)
Armour
 c - a +0 kite shield (worn)
 p - a +3 scale mail (worn)
Scrolls
 l - 3 scrolls of remove curse
 m - 5 scrolls of amnesia
 n - a scroll of summoning
Potions
 d - a potion of might
 e - 6 potions of curing
 f - 3 potions of heal wounds
 h - 4 potions of magic
 i - 3 potions of berserk rage
 k - 2 potions of invisibility


   Skills:
 + Level 8.7 Fighting
 + Level 5.6 Short Blades
 + Level 7.3 Long Blades
 + Level 5.6 Axes
 + Level 5.6 Maces & Flails
 + Level 5.6 Polearms
 + Level 5.6 Staves
 + Level 5.6 Slings
 + Level 5.6 Bows
 + Level 5.6 Crossbows
 + Level 5.6 Throwing
 + Level 8.7 Armour
 + Level 5.6 Dodging
 + Level 5.6 Stealth
 + Level 8.7 Shields
 + Level 5.6 Unarmed Combat
 + Level 5.6 Spellcasting
 + Level 4.6 Conjurations
 + Level 4.6 Hexes
 + Level 4.6 Summonings
 + Level 4.6 Necromancy
 + Level 4.6 Translocations
 + Level 4.6 Transmutations
 + Level 4.6 Fire Magic
 + Level 4.6 Ice Magic
 + Level 4.6 Air Magic
 + Level 4.6 Earth Magic
 + Level 4.6 Poison Magic
 + Level 6.1 Invocations
 + Level 5.6 Evocations


You had 17 spell levels left.
You didn't know any spells.
Your spell library was empty.

Dungeon Overview and Level Annotations

Branches:
Dungeon (1/1)

Altars:
Ashenzari
Cheibriados
Dithmenos
Elyvilon
Fedhas
Gozag
Hepliaklqana
Kikubaaqudgha
Makhleb
Nemelex Xobeh
Okawaru
Qazlal
Ru
Sif Muna
Trog
Uskayaw
Vehumet
Wu Jian
Xom
Yredelemnul
Zin
The Shining One
Beogh
Jiyva
Lugonu


Innate Abilities, Weirdness & Mutations

Your experience applies equally to all skills.
You have very sharp teeth.
Your uncanny sense of smell can sniff out nearby items.


Message History

The kobold demonologist mumbles some strange words.
The ynoxinul gestures.
You block the ufetubus's attack. The ufetubus hits you.
* * * LOW HITPOINT WARNING * * *
You block the ufetubus's attack.
The ufetubus hits you but does no damage.
The crimson imp shouts, "Decamp, thou erky clay-brained nobody!"
The crimson imp blinks!
Unknown command.
You feel much better. The ufetubus hits you. You block the ufetubus's attack.
The ufetubus closely misses you. You block the ufetubus's attack.
The soul eater hits you!
* * * LOW HITPOINT WARNING * * *
You feel drained.
* * * LOW HITPOINT WARNING * * *
The kobold demonologist hits you with a +0 dagger.
* * * LOW HITPOINT WARNING * * *
The ynoxinul gestures.
The crimson imp blinks!
The ufetubus closely misses you. The ufetubus hits you.
You die...

##########'##...........
#.?..')))'.##......#..#.
##########5##...........
#........K55'...........
#'#####K#####......#..#.
#.#..#....5##...........
#.#).#####4#####'#####++
#.#).#5533K##.......#
#.#).#555@5##.......#
#.#[[###5####.......#
#.##'#.....##...<...#
#.#.....5..##.......#
#4#........##.......#
#'###########.......#
#.......# #########
#.......# #...#...# ∆∆∆∆


You could see a soul eater (summoned), a rust devil (summoned), a kobold
demonologist, a ynoxinul (summoned), an iron imp (summoned), a crimson imp
(summoned) and 7 ufetubi.

Vanquished Creatures
  A fire bat (D)
  A warg (D)
  2 floating eyes (D)
  An ogre (D)
  A bullfrog (D)
  A worker ant (D)
  A white imp (D)
  An ooze (D)
  An adder skeleton (D)
  A bat (D)
  A giant cockroach (D)
  2 hobgoblins (D)
  3 jackals (D)
  A rat (D)
18 creatures vanquished.

Notes
Turn   | Place    | Note
-------+----------+-------------------------------------------
     0 | D        | rocky1 the Gnoll Fighter began the quest for the Orb.
     0 | D        | Reached XP level 1. HP: 23/23 MP: 1/1
    15 | D        | Reached skill level 1 in Invocations
    19 | D        | Found a bloodstained altar of Trog.
    19 | D        | Found a shimmering blue altar of Sif Muna.
    19 | D        | Found a viscous altar of Jiyva.
    19 | D        | Found a hazy altar of Hepliaklqana.
    19 | D        | Found an opulent altar of Gozag.
    20 | D        | Found a glowing golden altar of the Shining One.
    20 | D        | Found a glowing silver altar of Zin.
    20 | D        | Found a basalt altar of Yredelemnul.
    20 | D        | Found a shimmering altar of Xom.
    20 | D        | Found an ornate altar of the Wu Jian Council.
    20 | D        | Found a sacrificial altar of Ru.
    20 | D        | Found a stormy altar of Qazlal.
    20 | D        | Found an iron altar of Okawaru.
    20 | D        | Found a sparkling altar of Nemelex Xobeh.
    20 | D        | Found a burning altar of Makhleb.
    20 | D        | Found a blossoming altar of Fedhas.
    20 | D        | Found a white marble altar of Elyvilon.
    20 | D        | Found a shadowy altar of Dithmenos.
    20 | D        | Found a snail-covered altar of Cheibriados.
    23 | D        | Found a corrupted altar of Lugonu.
    23 | D        | Found a radiant altar of Vehumet.
    23 | D        | Found a roughly hewn altar of Beogh.
    24 | D        | Found an ancient bone altar of Kikubaaqudgha.
    24 | D        | Found a hide-covered altar of Uskayaw.
    24 | D        | Found a broken altar of Ashenzari.
    25 | D        | Became a worshipper of Sif Muna the Loreminder
    73 | D        | Noticed a floating eye
    76 | D        | Paralysed by a floating eye for 3 turns
    80 | D        | Killed a floating eye
    81 | D        | Reached skill level 5 in Long Blades
    81 | D        | Reached XP level 2. HP: 31/31 MP: 3/6
    81 | D        | Reached XP level 3. HP: 36/36 MP: 3/7
    81 | D        | Reached XP level 4. HP: 43/43 MP: 3/8
   232 | D        | Reached XP level 5. HP: 43/48 MP: 9/9
   262 | D        | Reached * piety under Sif Muna
   278 | D        | Reached ** piety under Sif Muna
   398 | D        | Reached *** piety under Sif Muna
   494 | D        | Noticed a fire bat
   495 | D        | Noticed a floating eye
   495 | D        | Noticed an ogre
   495 | D        | Noticed a warg
   510 | D        | Killed a fire bat
   511 | D        | Reached skill level 5 in Invocations
   511 | D        | Reached XP level 6. HP: 35/56 MP: 10/13
   520 | D        | Killed a warg
   521 | D        | Reached skill level 5 in Short Blades
   521 | D        | Reached skill level 5 in Axes
   521 | D        | Reached skill level 5 in Maces & Flails
   521 | D        | Reached skill level 5 in Polearms
   521 | D        | Reached skill level 5 in Staves
   521 | D        | Reached skill level 5 in Slings
   521 | D        | Reached skill level 5 in Bows
   521 | D        | Reached skill level 5 in Crossbows
   521 | D        | Reached skill level 5 in Throwing
   521 | D        | Reached skill level 5 in Dodging
   521 | D        | Reached skill level 5 in Stealth
   521 | D        | Reached skill level 5 in Unarmed Combat
   521 | D        | Reached skill level 5 in Spellcasting
   521 | D        | Reached skill level 5 in Evocations
   521 | D        | Reached XP level 7. HP: 28/63 MP: 11/14
   535 | D        | Reached **** piety under Sif Muna
   539 | D        | Paralysed by a floating eye for 3 turns
   543 | D        | Paralysed by a floating eye for 3 turns
   805 | D        | Noticed a kobold demonologist
   806 | D        | Noticed an ice devil
   817 | D        | Noticed a hellwing
  1088 | D        | Noticed an ice devil
  1122 | D        | Noticed a ynoxinul
  1124 | D        | Noticed a rust devil
  1125 | D        | Noticed a soul eater
  1130 | D        | HP: 1/62 [ufetubus[a kobold demonologist] (3)]
  1131 | D        | Slain by an ufetubus

Illustrated notes

Levels and vault maps discovered:
D:        pitsprint [storerooms_1, entrance_room_1, metal_vault_6, armoury_3,
          mini_pit_1, grid_room_1, main_hall_1, silver_pit, the_coven_3,
          the_vestibule_1, steel_vault_5, golden_pit, hallway_of_sentries,
          crystal_vault_4, iron_vault_5, final_vault]

Skill      XL: |  1  2  3  4  5  6  7 |
---------------+----------------------+-----
Invocations    | 3 5 6 |  6.1
Fighting       | 7 8 |  8.7
Short Blades   | 3 4 5 |  5.6
Long Blades    | 5 6 7 |  7.3
Axes           | 3 4 5 |  5.6
Maces & Flails | 3 4 5 |  5.6
Polearms       | 3 4 5 |  5.6
Staves         | 3 4 5 |  5.6
Slings         | 3 4 5 |  5.6
Bows           | 3 4 5 |  5.6
Crossbows      | 3 4 5 |  5.6
Throwing       | 3 4 5 |  5.6
Armour         | 7 8 |  8.7
Dodging        | 3 4 5 |  5.6
Stealth        | 3 4 5 |  5.6
Shields        | 7 8 |  8.7
Unarmed Combat | 3 4 5 |  5.6
Spellcasting   | 3 4 5 |  5.6
Conjurations   | 2 3 4 |  4.6
Hexes          | 2 3 4 |  4.6
Summonings     | 2 3 4 |  4.6
Necromancy     | 2 3 4 |  4.6
Translocations | 2 3 4 |  4.6
Transmutations | 2 3 4 |  4.6
Fire Magic     | 2 3 4 |  4.6
Ice Magic      | 2 3 4 |  4.6
Air Magic      | 2 3 4 |  4.6
Earth Magic    | 2 3 4 |  4.6
Poison Magic   | 2 3 4 |  4.6
Evocations     | 3 4 5 |  5.6

Action                   |  1- 3 |  4- 6 |  7- 9 || total
-------------------------+-------+-------+-------++-------
Melee: Long sword        |     7 |    36 |       ||    43
       Bite              |     2 |     7 |     9 ||    18
       Flail             |       |    21 |    64 ||    85
  Use: Potion            |       |       |     4 ||     4
       Scroll            |       |       |     1 ||     1
 Stab: Sleeping          |       |       |     1 ||     1
Armor: Scale mail        |       |    16 |    31 ||    47
Dodge: Dodged            |       |    21 |    28 ||    49
Block: Kite shield       |     1 |    37 |    35 ||    73
       Rpst.: Long sword |       |     5 |       ||     5

Table legend: (Time is in decaauts)
 A = Elapsed time spent in this place.
 B = Non-inter-level travel time spent in this place.
 C = Inter-level travel time spent in this place.
 D = Time resting spent in this place.
 E = Time spent auto-exploring this place.
 F = Levels seen in this place.
 G = Mean time per level.
                   A        B        C        D        E       F      G
               +--------+--------+--------+--------+--------+-----+--------+
         Total |   1136 |   1136 |      0 |    724 |      0 |   1 | 1136.0 |
       Dungeon |   1136 |   1136 |      0 |    724 |      0 |   1 | 1136.0 |
               +--------+--------+--------+--------+--------+-----+--------+

Top non-repeatable levels by time:
       D: 1136 daAuts
